 Dungeon Crawl Stone Soup version 0.21-a0-19-g210df22 (webtiles) character file.

7 Manul the Ducker (level 1, -5/11 HPs)
             Began as a Spriggan Abyssal Knight on May 24, 2017.
             Was a Follower of Lugonu.
             Slain by a black draconian
             ... wielding a +1 war axe of distortion
              (15 damage)
             ... on level 4 of the Abyss.
             The game lasted 00:02:15 (342 turns).

Manul the Ducker (Spriggan Abyssal Knight)           Turns: 342, Time: 00:02:16

Health: -5/11      AC:  2    Str:  8    XL:     1   Next: 83%
Magic:  0/3        EV: 18    Int: 13    God:    Lugonu [*.....]
Gold:   55         SH:  0    Dex: 15    Spells: 0/0 levels left

rFire    . . .     SeeInvis +   a - +2 short sword
rCold    . . .     Gourm    .   (shield restricted)
rNeg     . . .     Faith    .   b - +0 robe
rPois    .         Spirit   +   (helmet restricted)
rElec    .         Reflect  .   (no cloak)
rCorr    .         Harm     .   (gloves unavailable)
MR       .....                  (boots unavailable)
Stlth    ++........             h - amulet of guardian spirit
Regen    0.1/turn               (no ring)
MPRegen  0.1/turn               (no ring)

@: very slightly contaminated, invisible, very quick
A: unfitting armour, see invisible, herbivore 3, speed 3, slow metabolism 2
a: Depart the Abyss, Renounce Religion


You were on level 4 of the Abyss.
You worshipped Lugonu.
Lugonu was aware of your devotion.
You were not hungry.

You visited 0 branches of the dungeon, and saw 0 of its levels.
You visited the Abyss 1 time.

You collected 55 gold pieces.

Inventory:

Hand Weapons
 a - a +2 short sword (weapon)
 d - a +0 long sword
Armour
 b - a +0 robe (worn)
Jewellery
 h - an amulet of guardian spirit (around neck)
Scrolls
 g - a scroll of remove curse
Potions
 j - a potion of invisibility
 k - a potion of agility {unknown}
Books
 e - a book of Clouds

   Spells                             Type                      Level
   a - Poisonous Vapours              Poison/Air                   2
   b - Mephitic Cloud                 Conjuration/Poison/Air       3
   c - Conjure Flame                  Conjuration/Fire             3
   d - Freezing Cloud                 Conjuration/Ice/Air          6
   e - Ring of Flames                 Charms/Fire                  7
Comestibles
 c - 3 bread rations


   Skills:
 - Level 2.4 Fighting
 - Level 2.1 Short Blades
 - Level 3.5 Dodging
 * Level 2.5 Stealth
 - Level 1.7 Invocations


You couldn't memorise any spells.
You didn't know any spells.

Dungeon Overview and Level Annotations

Branches:
Dungeon (0/15)

Altars:


Innate Abilities, Weirdness & Mutations

You are very small and have problems with some larger weapons.
You are too small for most types of armour.
You have supernaturally acute eyesight. (SInv)
You are a herbivore.
You cover ground extremely quickly.
You need consume almost no food.


Message History

The white imp is severely wounded.
The white imp barely misses you.
Unknown command.
You closely miss the white imp.
The white imp is severely wounded.
The white imp gestures at you. The puff of frost misses you.
The smoke demon is engulfed in blazing flames.
Unknown command.
You hit the white imp.
You kill the white imp!
Your Stealth skill gained 2 levels and is now at level 2!
The smoke demon gestures at you.
The sticky flame hits the black draconian.
The black draconian is covered in liquid flames!
The black draconian roars!
The black draconian hits you with a war axe of distortion.
Space warps horribly around you!
Ouch! That really hurt!
You die...

.. .
######..#..
. . #.#..#.
# .. #. #..
#..## . #
#. # # # #
### # #
...## # ##
# .###
#.###...##
..###.#..
..#@##### #
#d## .#
#3#R....#
#.#.#§§#
#.#3# .#
##§#..##.
#####. # .#


You could see a black draconian (burning), a smoke demon and an efreet.

Vanquished Creatures
  A white imp (Abyss:4)
1 creature vanquished.

Vanquished Creatures (others)
  2 starspawn tentacles (Abyss:3)
2 creatures vanquished.

Grand Total: 3 creatures vanquished

Notes
Turn   | Place    | Note
-------+----------+-------------------------------------------
     0 | Abyss:1  | Manul the Spriggan Abyssal Knight began the quest for the Orb.
     0 | Abyss:1  | Reached XP level 1. HP: 11/11 MP: 3/3
     6 | Abyss:1  | Found a corrupted altar of Lugonu.
   187 | Abyss:2  | Noticed a blink frog
   199 | Abyss:2  | Noticed an unseen horror
   256 | Abyss:3  | Noticed a tentacled starspawn
   260 | Abyss:4  | Found a corrupted altar of Lugonu.
   293 | Abyss:4  | Noticed a ynoxinul
   324 | Abyss:4  | Noticed an efreet
   326 | Abyss:4  | Noticed a smoke demon
   331 | Abyss:4  | Noticed a black draconian
   342 | Abyss:4  | Slain by a black draconian

Vault maps used:
Abyss:3:  guppyfry_abyss_exit_imp_island, evilmike_abyss_exit_1
Abyss:4:  evilmike_abyss_rune_ettins

Skill      XL: |  1 |
---------------+----+-----
Stealth        | 2 |  2.5
Fighting       | |  2.4
Short Blades   | |  2.1
Dodging        | |  3.5
Invocations    | |  1.7

Action                   || total
-------------------------++-------
Melee: Short sword       ||     8
  Use: Scroll            ||     6
       Potion            ||     1
Armor: Robe              ||     1
Dodge: Dodged            ||     9
